 Dungeon Crawl Stone Soup version 0.30.1-11-g7821555f0a (webtiles) character file.

Game seed: 16334596245568152007

116 Arctor the Shield-Bearer (level 5, -3/42 HPs)
             Began as a Human Fighter on Jan 12, 2024.
             Slain by Natasha (4 damage)
             ... on level 2 of the Dungeon.
             The game lasted 00:02:50 (1384 turns).

Arctor the Shield-Bearer (Human Fighter)            Turns: 1384, Time: 00:02:50

Health: -3/42      AC:  7    Str: 19    XL:     5   Next: 21%
Magic:  5/5        EV:  9    Int:  8    God:
Gold:   60         SH:  9    Dex: 12    Spells: 2/4 levels left

rFire   . . .        a - +0 war axe
rCold   . . .        c - +0 buckler
rNeg    . . .        j - +0 scale mail
rPois   .            (no helmet)
rElec   .            (no cloak)
rCorr   .            (no gloves)
SInv    .            (no boots)
Will    .....        f - amulet of reflection Stlth
                     (no ring)
HPRegen 0.27/turn    (no ring)
MPRegen 0.09/turn

%: reflection
@: no status effects
A: no striking features
a: no special abilities


You were on level 2 of the Dungeon.
You visited 1 branch of the dungeon, and saw 2 of its levels.

You collected 60 gold pieces.

Inventory:

Hand Weapons
 a - a +0 war axe (weapon)
 b - a +3 sling
Armour
 c - a +0 buckler (worn)
 j - a +0 scale mail (worn)
Jewellery
 f - an amulet of reflection (around neck)
 h - an amulet of magic regeneration
Scrolls
 m - a scroll of teleportation {unknown}
Potions
 d - a potion of might


   Skills:
 + Level 3.7 Fighting
 + Level 2.9 Axes
 + Level 0.3 Ranged Weapons
 + Level 3.7 Armour
 + Level 3.7 Shields
 + Level 0.1 Spellcasting


You had 2 spell levels left.
You knew the following spells:

 Your Spells              Type           Power      Damage    Failure   Level
a - Blink                 Tloc           0%         N/A       94%         2

Your spell library contained the following spells:

 Spells                   Type           Power      Damage    Failure   Level
 Lesser Beckoning         Tloc           0%         N/A       94%         2
 Momentum Strike          Conj/Tloc      0%         3d8       94%         2
 Scorch                   Fire           0%         2d5       94%         2
 Summon Guardian Golem    Hex/Summ       0%         N/A       99%         3
 Summon Mana Viper        Hex/Summ       0%         N/A       100%        5
 Conjure Ball Lightning   Conj/Air       0%         3x3d6     100%        6
 Discord                  Hex            0%         N/A       100%        8
 Disjunction              Tloc           0%         N/A       100%        8


Dungeon Overview and Level Annotations

Branches:
Dungeon (2/15)

Altars:

Annotations:
D:2 Natasha


Message History

You hit the cerulean imp.
Natasha stares at you and mumbles some strange words.
The magic dart hits you.
* * * LOW HITPOINT WARNING * * *
The cerulean imp hits you from afar with a +1 spear.
* * * LOW HITPOINT WARNING * * *
You block the cerulean imp's attack.
Natasha wildly gestures.
You feel troubled. Natasha casts a spell at you. You resist with some effort.
The cerulean imp hits you from afar with a +1 spear.
* * * LOW HITPOINT WARNING * * *
The cerulean imp hits you but does no damage.
It was a potion of cancellation.
Your magical effects are unravelling.
You feel magically purged.
You feel yourself speed up.
The cerulean imp disappears in a puff of smoke!
You block Natasha's attack.
The cerulean imp hits you but does no damage.
You block Natasha's attack.
It was a potion of curing.
You feel better. You block the cerulean imp's attack.
Natasha casts a spell at you. The magic dart hits you.
* * * LOW HITPOINT WARNING * * *
You block the cerulean imp's attack. Natasha attacks as you move away!
Natasha claws you!
* * * LOW HITPOINT WARNING * * *
The cerulean imp closely misses you.
As you read the scroll labelled JIHIKH SERUNENEXZU, it crumbles to dust.
You feel aware of your surroundings.
It was a scroll of magic mapping.
Natasha casts a spell.
Okay, then.
Natasha attacks as you move away! Natasha barely misses you.
The cerulean imp hits you from afar with a +1 spear.
* * * LOW HITPOINT WARNING * * *
Natasha claws you.
You die...

*,*,#.#,* *,*,#.#,***###
*,#,#.#,,,,..# *,#.#.######.#
***,#.#......#.# *
*,,,#.......<>.## *
#,*####..####...# *
#.*#.....)†.....# *
#.##.#.####@#.#.#* *
###.........#h#.#..# #########
#........#5..5#.##.#*#........
#........######.#*..,#........
#.!...~.5# #.####.+........
*#!.~.~~§.#****#..#####........
#..~~~~........##...# #.......(
#.!~.~.........####.###...†....
#..............# #.##........#


You could see Natasha and a cerulean imp (summoned).

Vanquished Creatures
  Natasha (D:2)
  Robin (D:2)
  3 adders (D:2)
  A dart slug (D:2)
  4 ball pythons
  An endoplasm (D:2)
  3 giant cockroaches (D:1)
  9 goblins
  9 hobgoblins
  3 jackals (D:1)
  3 quokkas
  6 bats
  A kobold (D:1)
  3 rats
48 creatures vanquished.

Notes
Turn   | Place    | Note
-------+----------+-------------------------------------------
     0 | D:1      | Arctor the Human Fighter began the quest for the Orb.
     0 | D:1      | Reached XP level 1. HP: 18/18 MP: 1/1
   133 | D:1      | Reached XP level 2. HP: 23/24 MP: 2/2
   155 | D:1      | Got Diazoluw's Book of the Warrior-Mage
   404 | D:1      | Reached XP level 3. HP: 28/29 MP: 3/3
   990 | D:2      | Noticed Robin
   996 | D:2      | Reached XP level 4. HP: 26/35 MP: 4/4
  1010 | D:2      | Killed Robin
  1198 | D:2      | Noticed Natasha
  1205 | D:2      | Killed Natasha
  1206 | D:2      | Reached XP level 5. HP: 28/42 MP: 5/5
  1222 | D:2      | Learned a level 2 spell: Blink
  1354 | D:2      | Noticed Natasha
  1384 | D:2      | HP: 1/42 [cerulean imp/+1 spear[Natasha] (4)]
  1384 | D:2      | Slain by Natasha

Illustrated notes

Levels and vault maps discovered:
D:1:      psy_arrival_conway, layout_loops_ring
D:2:      layout_basic, dk_vineyard_3, uniq_robin, uniq_natasha

Action                     |  1- 3 |  4- 6 || total
---------------------------+-------+-------++-------
  Melee: War axe           |    80 |    55 ||   135
   Fire: Sling             |       |     8 ||     8
    Use: Potion            |       |     4 ||     4
         Scroll            |       |     1 ||     1
 Armour: Scale mail        |    46 |    54 ||   100
  Dodge: Dodged            |    52 |    50 ||   102
  Block: Buckler           |    31 |    36 ||    67
